 Dungeon Crawl Stone Soup version 0.29.1-12-g30fa7ad0bf (webtiles) character file.

Game seed: 13251223705500830344

369 112233 the Gusty (level 6, -4/41 HPs)
             Began as an Octopode Wanderer on Dec 22, 2022.
             Splashed by a jelly's acid (7 damage)
             ... on level 6 of the Dungeon.
             The game lasted 00:06:47 (5522 turns).

112233 the Gusty (Octopode Wanderer)                Turns: 5522, Time: 00:06:48

Health: -4/41      AC: -3    Str: 12 (14) XL:     6   Next: 70%
Magic:  1/10       EV: 13    Int: 14 (15) God:
Gold:   187        SH:  0    Dex: 15 (16) Spells: 7/10 levels left

rFire   . . .      SeeInvis .   a - +0 sling
rCold   . . .      Faith    .   (no shield)
rNeg    . . .      Spirit   .   (helmet restricted)
rPois   .          Reflect  .   (no amulet)
rElec   .          Harm     .   c - +6 ring of strength
rCorr   .          Rampage  .   (no ring)
Will    .....                   (no ring)
Stlth   ++........              (no ring)
HPRegen 0.13/turn               (no ring)
MPRegen 0.12/turn               (no ring)
                                (no ring)
                                (no ring)

@: corroded, on berserk cooldown, attractive
A: almost no armour, amphibious, 8 rings, camouflage 1, gelatinous body 1,
(nimble swimmer 1), tentacles
a: no special abilities


You were on level 6 of the Dungeon.
You visited 1 branch of the dungeon, and saw 6 of its levels.

You collected 187 gold pieces.

Inventory:

Hand Weapons
 a - a +0 sling (weapon)
Jewellery
 c - a +6 ring of strength (left tentacle)
Wands
 p - a wand of polymorph (12)
Scrolls
 d - 3 scrolls of identify
 e - a scroll of magic mapping
 g - a scroll of fog
 j - 4 scrolls of teleportation
 n - a scroll of amnesia {unknown}
 q - 3 scrolls of brand weapon {unknown}
 r - a scroll of silence {unknown}
 s - a scroll of enchant armour {unknown}
Potions
 k - a potion of magic
 m - a potion of degeneration
 u - a potion of cancellation
Miscellaneous
 b - a piece from Xom's chessboard (15/15)


   Skills:
 + Level 2.5 Fighting
 - Level 1.0 Ranged Weapons
 - Level 1.0 Throwing
 + Level 2.6 Dodging
 + Level 2.7 Spellcasting
 * Level 5.8 Air Magic
 - Level 3.2 Evocations


You had 7 spell levels left.
You knew the following spells:

 Your Spells              Type           Power      Damage    Failure   Level
a - Shock                 Conj/Air       40%        1d5       7%          1
b - Poisonous Vapours     Pois/Air       20%        N/A       10%         2

Your spell library contained the following spells:

 Spells                   Type           Power      Damage    Failure   Level
 Airstrike                Air            9%         2d(2-18)  21%         4


Dungeon Overview and Level Annotations

Branches:
Dungeon (6/15)
 Temple: D:4-7

Altars:
Ashenzari
Cheibriados
Dithmenos
Kikubaaqudgha
Makhleb
Qazlal
Uskayaw
Wu Jian
Zin
The Shining One

Shops:
D:3 !   D:4 :

Annotations:
D:3 3 runed translucent doors, Terracrafty's ghost, amateur MfGl


Innate Abilities, Weirdness & Mutations

You cannot wear most types of armour.
You are amphibious.
You can wear up to eight rings at the same time.
Your skin changes colour to match your surroundings (Stealth+).
Your rubbery body absorbs attacks. (AC +1, EV +1)
((You are camouflaged when in or above water. (Stealth+)))
You have tentacles for arms and can constrict up to eight enemies at once.


Message History

It was a potion of brilliance.
You feel clever all of a sudden.
The ufetubus hits you but does no damage. x2
The jelly hits you but does no damage. The ufetubus hits you.
* * * LOW HITPOINT WARNING * * *
The ufetubus hits you but does no damage. x3
The jelly hits you but does no damage.
Unknown command.
It was a potion of degeneration.
There was something very wrong with that liquid.
You feel weakened.
You feel dopey.
You feel clumsy.
You are no longer corroded.
The ufetubus hits you but does no damage. x2
The jelly hits you but does no damage.
The ufetubus hits you but does no damage. x2
Unknown command.
It was a potion of attraction.
You feel attractive to monsters.
The ufetubus hits you but does no damage.
The ufetubus barely misses you. The jelly hits you but does no damage.
The ufetubus hits you.
* * * LOW HITPOINT WARNING * * *
The ufetubus hits you.
* * * LOW HITPOINT WARNING * * *
The jelly hits you but does no damage.
Unknown command.
It was a potion of haste.
You feel yourself speed up.
The ufetubus hits you but does no damage. x4
The jelly barely misses you.
Unknown command.
It was a potion of cancellation.
Your magical effects are unravelling.
You feel magically purged.
You feel less wooden.
You feel yourself speed up.
You feel yourself slow down.
You feel a little less clever now. The ufetubus barely misses you.
The ufetubus closely misses you. The jelly hits you.
* * * LOW HITPOINT WARNING * * *
The acid corrodes you!
You are splashed with acid!
You die...

.. #...#
.#.#.#...
..#......
#.#.#..#
...#.... #....#
...##.5J#####...
.......@†.......
...##...†.......
###..#######
#..# ...# ...##
.... .....


You could see a jelly and an ufetubus.

Vanquished Creatures
  A scorpion (D:6)
  A howler monkey (D:6)
  A jelly (D:4)
  An iguana (D:4)
  Jessica (D:3)
  Natasha (twice) (D:3)
  5 adders
  2 worms
  6 dart slugs
  3 orcs (D:4)
  5 bats
  7 endoplasms
  7 goblins
  4 hobgoblins
  7 jackals (D:2)
  2 quokkas
  2 ball pythons (D:3)
  4 frilled lizards
  8 kobolds
  6 rats
75 creatures vanquished.

Notes
Turn   | Place    | Note
-------+----------+-------------------------------------------
     0 | D:1      | 112233 the Octopode Wanderer began the quest for the Orb.
     0 | D:1      | 112233 set off with the following items: a +0 sling, a
                  | piece from Xom's chessboard (15/15), a potion of
                  | invisibility; and the following spell memorised: Shock; and
                  | the following spells available to memorise: Poisonous
                  | Vapours, Airstrike.
     0 | D:1      | Reached XP level 1. HP: 11/11 MP: 2/2
   162 | D:1      | Found a faded altar of an unknown god.
   293 | D:1      | Reached XP level 2. HP: 17/17 MP: 1/3
  1018 | D:1      | Learned a level 2 spell: Poisonous Vapours
  1373 | D:2      | Reached XP level 3. HP: 22/22 MP: 0/4
  1641 | D:2      | Reached skill level 1 in Fighting
  1698 | D:2      | Reached skill level 1 in Dodging
  2281 | D:2      | Found a snail-covered altar of Cheibriados.
  2362 | D:2      | Reached XP level 4. HP: 13/28 MP: 1/6
  2772 | D:3      | Found an ancient bone altar of Kikubaaqudgha.
  2773 | D:3      | Found a burning altar of Makhleb.
  2801 | D:3      | Found a runed translucent gate.
  2802 | D:3      | Found a runed translucent gate.
  2802 | D:3      | Noticed Terracrafty's ghost (amateur MfGl)
  2803 | D:3      | Found a runed translucent gate.
  2855 | D:3      | Noticed Jessica
  2858 | D:3      | Killed Jessica
  3049 | D:3      | Noticed Natasha
  3059 | D:3      | Killed Natasha
  3060 | D:3      | Reached skill level 5 in Air Magic
  3060 | D:3      | Reached XP level 5. HP: 28/33 MP: 0/8
  3206 | D:3      | Found Cuponni's Distillery.
  3810 | D:3      | Found a stormy altar of Qazlal.
  3869 | D:3      | Found a hide-covered altar of Uskayaw.
  3870 | D:3      | Found a glowing silver altar of Zin.
  3870 | D:3      | Found a broken altar of Ashenzari.
  3871 | D:3      | Found a glowing golden altar of the Shining One.
  3872 | D:3      | Found a snail-covered altar of Cheibriados.
  3874 | D:3      | Found a shadowy altar of Dithmenos.
  3877 | D:3      | Found an ornate altar of the Wu Jian Council.
  4044 | D:3      | Noticed Natasha
  4053 | D:3      | Killed Natasha
  4709 | D:4      | Found Zopiklosu's Book Shop.
  4776 | D:4      | Reached XP level 6. HP: 39/39 MP: 1/9
  5088 | D:5      | Entered Level 5 of the Dungeon
  5522 | D:6      | Splashed by a jelly's acid

Illustrated notes

Levels and vault maps discovered:
D:1:      minmay_arrival_cross, layout_loops_ring,
          shapermc_ecumenical_altar_starsandcircs, st_stairs_6,
          nrook_mini_backslash, minmay_misc_feat_columns,
          corexii_item_surrounded_by_moat, due_unseen_surprise
D:2:      layout_loops_ring, basic_altar, minmay_liquid_box, grunt_ministairs_9
D:3:      layout_loops_ring, minitemple, mainiacjoe_overflow_divided_tiny,
          biasface_ghost_orc_armoury, serial_shops, shop, uniq_natasha,
          uniq_jessica
D:4:      layout_basic, serial_shops, kennysheep_little_box,
          nicolae_underground_beach
D:5:      layout_loops_ring, chequers_mini_garden, minmay_ruined_shrine
D:6:      layout_basic, serial_shops, nicolae_stop_n_shop_2,
          nicolae_stop_n_shop_2, shop, nicolae_shop_statue_plus,
          nicolae_shop_temple_entry_statues_fountains, kennysheep_crisscross,
          minmay_misc_feat_encased, nicolae_shop_overcharged_wands

Skill      XL: |  1  2  3  4  5 |
---------------+----------------+-----
Fighting       | 1 2 |  2.5
Dodging        | 1 2 |  2.6
Spellcasting   | 2 |  2.7
Air Magic      | 5 |  5.8
Ranged Weapons | |  1.0
Throwing       | |  1.0
Evocations     | |  3.2

Action                   |  1- 3 |  4- 6 || total
-------------------------+-------+-------++-------
Melee: Unarmed           |    19 |       ||    19
       Tentacles         |     7 |       ||     7
       Constrict         |     3 |       ||     3
       Punch             |     1 |       ||     1
       Sling             |       |    10 ||    10
 Fire: Sling             |    78 |    36 ||   114
 Cast: Shock             |    53 |    96 ||   149
       Poisonous Vapours |       |    11 ||    11
  Use: Potion            |     5 |    11 ||    16
       Scroll            |       |     3 ||     3
 Stab: Sleeping          |     1 |       ||     1
Armor: Skin              |     8 |   132 ||   140
Dodge: Dodged            |    71 |    47 ||   118
